 Dungeon Crawl Stone Soup version 0.29.1-2-gbd0b4ee654 (webtiles) character file.

Game seed: 7445025350640864147

1233 BreadTh the Magician (level 8, -2/38 HPs)
             Began as a Spriggan Conjurer on Nov 16, 2022.
             Shot with an arrow by a centaur (7 damage)
             ... on level 6 of the Dungeon on Nov 17, 2022.
             The game lasted 00:29:22 (8828 turns).

BreadTh the Magician (Spriggan Conjurer)            Turns: 8828, Time: 00:29:22

Health: -2/38      AC:  5    Str:  3    XL:     8   Next: 24%
Magic:  19/28      EV: 21    Int: 22    God:
Gold:   86         SH:  2    Dex: 13    Spells: 11/21 levels left

rFire   . . .      SeeInvis +   C - staff of death
rCold   . . .      Faith    .   (shield currently unavailable)
rNeg    + . .      Spirit   .   a - +0 robe
rPois   .          Reflect  .   (helmet restricted)
rElec   .          Harm     .   H - +0 cloak
rCorr   .          Rampage  .   (gloves unavailable)
Will    +....                   (boots unavailable)
Stlth   +++.......              (no amulet)
HPRegen 0.12/turn               K - ring of the Octopus King {Wiz HP+2 AC+2 EV+2 SH+2}
MPRegen 0.21/turn               I - ring of magical power

@: very quick
A: very small, no large weapons, unfitting armour, see invisible, speed 3
a: no special abilities


You were on level 6 of the Dungeon.
You visited 2 branches of the dungeon, and saw 7 of its levels.

You collected 286 gold pieces.
You spent 200 gold pieces at shops.

Inventory:

Hand Weapons
 g - a +0 dagger
 v - a +0 spear
 G - a +3 quarterstaff of chaos
Armour
 a - a +0 robe (worn)
 H - a +0 cloak (worn)
Magical Staves
 C - a staff of death (weapon)
Jewellery
 e - a +6 ring of dexterity
 o - a ring of protection from fire
 q - a +4 ring of slaying
 x - a ring of wizardry
 D - a ring of resist corrosion
 I - a ring of magical power (right hand)
 K - a ring of the Octopus King (left hand) {Wiz HP+2 AC+2 EV+2 SH+2}
   (You found it on level 6 of the Dungeon)

   [ring of wizardry]

   It improves your spell success rate.
   AC:        It affects your AC (+2).
   EV:        It affects your evasion (+2).
   HP:        It affects your health (+2).
   SH:        It affects your SH (+2).
Wands
 u - a wand of quicksilver (15)
 y - a wand of roots (3)
 B - a wand of mindburst (4)
Scrolls
 f - 4 scrolls of identify {unknown}
 i - 3 scrolls of magic mapping {unknown}
 j - a scroll of acquirement {unknown}
 m - 2 scrolls of vulnerability {unknown}
 n - 2 scrolls of poison {unknown}
 p - 2 scrolls of amnesia {unknown}
 r - a scroll of silence {unknown}
 s - a scroll of fear {unknown}
 t - 2 scrolls of immolation {unknown}
 w - 2 scrolls of enchant weapon {unknown}
 F - a scroll of noise {unknown}
 J - a scroll of brand weapon {unknown}
Potions
 b - a potion of magic
 c - 2 potions of lignification {unknown}
 d - a potion of resistance {unknown}
 h - 4 potions of flight {unknown}
 k - 5 potions of curing {unknown}
 l - 2 potions of heal wounds {unknown}
 z - a potion of ambrosia {unknown}
 A - a potion of might {unknown}
 E - a potion of attraction {unknown}


   Skills:
 + Level 5.7 Dodging
 + Level 6.6 Stealth
 * Level 7.0 Spellcasting
 * Level 5.1 Conjurations
 + Level 3.4 Hexes


You had 11 spell levels left.
You knew the following spells:

 Your Spells              Type           Power      Damage    Failure   Level
a - Magic Dart            Conj           100%       1d8       1%          1
b - Searing Ray           Conj           60%        2d6       1%          2
c - Dazzling Flash        Conj/Hex       52%        N/A       1%          3
d - Fulminant Prism       Conj/Hex       13%        3d9       6%          4

Your spell library contained the following spells:

 Spells                   Type           Power      Damage    Failure   Level
 Sting                    Tmut/Pois      28%        1d4       3%          1
 Call Imp                 Summ           7%         N/A       4%          2
 Poisonous Vapours        Pois/Air       14%        N/A       4%          2
 Mephitic Cloud           Conj/Pois/Air  15%        N/A       4%          3
 Iskenderun's Mystic Bla  Conj/Tloc      18%        2d6       12%         4
 Olgreb's Toxic Radiance  Pois           7%         N/A       32%         4


Dungeon Overview and Level Annotations

Branches:
Dungeon (6/15)             Temple (1/1) D:4

Altars:
Dithmenos
Elyvilon
Fedhas
Okawaru
Qazlal
Ru
Sif Muna
Trog
Yredelemnul
Zin
The Shining One

Shops:
D:6 =


Innate Abilities, Weirdness & Mutations

You are very small and have problems with some larger weapons.
You are too small for most types of armour.
You have supernaturally acute eyesight. (SInv)
You cover ground extremely quickly. (Speed+++)


Message History

Your fulminant prism crackles loudly.
The centaur shoots an arrow.
The arrow hits you.
The centaur shoots an arrow.
The arrow closely misses you.
The centaur shoots an arrow.
The arrow hits you!
Your fulminant prism explodes!
The blast of energy engulfs the centaur!
The centaur is severely wounded.
You hear a shout!
You hear an angry hiss.
Casting: Fulminant Prism (quite dangerous; 6% risk of failure)
Confirm with . or Enter, or press ? or * to list all spells.
The spell is quite dangerous to miscast (6% risk of failure)!
Continue anyway?
Aiming: Fulminant Prism (quite dangerous; 6% risk of failure)
Press: ? - help, Dir - move target You conjure a prism of explosive energy!
A fulminant prism comes into view.
The centaur shoots an arrow.
The arrow completely misses you.
The centaur shoots an arrow.
The arrow completely misses you.
The centaur shoots an arrow.
The arrow hits you!
* * * LOW HITPOINT WARNING * * *
You hear a loud crackle.
The centaur shoots an arrow.
The arrow completely misses you.
You hear an explosion!
You hear a splash.
You feel a bit more experienced.
Your Spellcasting skill increases to level 7!
You start resting.
The centaur shoots an arrow.
The arrow hits you.
* * * LOW HITPOINT WARNING * * *
Casting: Fulminant Prism (quite dangerous; 6% risk of failure)
Confirm with . or Enter, or press ? or * to list all spells.
Aiming: Searing Ray (safe; 1% risk of failure)
Press: ? - help, Shift-Dir - straight line, f - centaur
Aim: a centaur, wielding a +0 shortbow (87% to hit)
The searing ray hits the centaur.
The centaur is moderately wounded. (Press . to maintain the ray.)
The centaur shoots an arrow.
The arrow misses you.
The searing ray hits the centaur!
The centaur is severely wounded.
The centaur shoots an arrow.
The arrow completely misses you.
The centaur shoots an arrow.
The arrow hits you!
You die...

#. ##.# #.# #.......
#. #..# #.###......#
#. #.## ##...#####.##
#. #.# ##..#.#####.##
#.##.##~≈≈≈≈≈≈≈≈~≈≈~#
#......≈≈~~c~~~≈≈~≈≈.
####.c.≈~≈≈≈≈≈≈~≈≈~≈#
#.#.~≈≈~~~~≈≈~≈~≈#
#@##≈≈~≈≈≈≈c≈~≈~≈#
#.##≈~≈≈cc..≈~≈~≈#
#.##≈*≈c≈c..≈~≈~≈#
#.# ~≈~≈...~≈≈~≈. #.#
≈~≈~ #.# ≈~≈≈ #.# #.#


You could see a centaur.

Vanquished Creatures
  A water moccasin (D:5)
  A black bear (D:6)
  An ogre (D:5)
  A centaur (D:6)
  2 scorpions
  2 hounds
  A jelly (D:4)
  4 gnoll boudas
  Crazy Yiuf (D:5)
  Natasha (thrice) (D:3)
  3 iguanas
  An orc wizard (D:3)
  Robin (D:2)
  9 adders
  17 gnolls
  3 white imps
  A dart slug (D:3)
  3 orcs
  6 endoplasms
  A giant cockroach (D:2)
  8 goblins
  8 hobgoblins
  5 jackals
  3 quokkas
  7 ball pythons
  6 bats
  4 frilled lizards (D:3)
  7 kobolds
  4 rats
114 creatures vanquished.

Vanquished Creatures (others)
  4 fulminant prisms (D:6)
  2 plants (D:4)
6 creatures vanquished.

Grand Total: 120 creatures vanquished

Notes
Turn   | Place    | Note
-------+----------+-------------------------------------------
     0 | D:1      | BreadTh the Spriggan Conjurer began the quest for the Orb.
     0 | D:1      | Reached XP level 1. HP: 9/9 MP: 5/5
   205 | D:1      | Reached skill level 3 in Spellcasting
   380 | D:1      | Reached XP level 2. HP: 13/13 MP: 5/7
  1503 | D:2      | Reached XP level 3. HP: 16/16 MP: 3/8
  1652 | D:2      | Found a faded altar of an unknown god.
  2247 | D:2      | Noticed Robin
  2251 | D:2      | Killed Robin
  2543 | D:3      | Reached XP level 4. HP: 21/21 MP: 4/10
  2731 | D:3      | Reached skill level 4 in Spellcasting
  3259 | D:3      | Reached XP level 5. HP: 24/24 MP: 5/12
  3348 | D:3      | Learned a level 2 spell: Searing Ray
  3353 | D:3      | Learned a level 4 spell: Fulminant Prism
  3357 | D:3      | Learned a level 3 spell: Dazzling Flash
  3841 | D:3      | Noticed Natasha
  3852 | D:3      | Killed Natasha
  3887 | D:3      | Noticed Natasha
  3894 | D:3      | Killed Natasha
  4332 | D:3      | Reached skill level 1 in Hexes
  4345 | D:3      | Noticed Natasha
  4349 | D:3      | Killed Natasha
  4350 | D:3      | Reached XP level 6. HP: 28/28 MP: 8/14
  4479 | D:4      | Reached skill level 5 in Spellcasting
  4976 | D:4      | Reached skill level 5 in Stealth
  5473 | D:4      | Found a staircase to the Ecumenical Temple.
  5774 | D:4      | Reached XP level 7. HP: 32/32 MP: 7/16
  5788 | Temple   | Entered the Ecumenical Temple
  6146 | D:5      | Entered Level 5 of the Dungeon
  6360 | D:5      | Reached skill level 5 in Dodging
  6360 | D:5      | Reached skill level 6 in Spellcasting
  7272 | D:5      | Reached XP level 8. HP: 26/36 MP: 12/18
  7608 | D:5      | Found a runed translucent door.
  7609 | D:5      | Noticed Crazy Yiuf
  7692 | D:5      | Killed Crazy Yiuf
  7872 | D:6      | Found Yhuimango's Jewellery Emporium.
  7895 | D:6      | Reached skill level 5 in Conjurations
  7898 | D:6      | Bought a ring of magical power for 200 gold pieces
  8740 | D:6      | Found the ring of the Octopus King
  8742 | D:6      | Identified a ring of the Octopus King {Wiz HP+2 AC+2 EV+2
                  | SH+2}
  8823 | D:6      | Reached skill level 7 in Spellcasting
  8828 | D:6      | Shot with an arrow by a centaur

Illustrated notes

Levels and vault maps discovered:
D:1:      dpeg_arrival_leaves_temple_mockup, layout_loops_corners, minivault_4,
          patterned_corridor
D:2:      layout_basic, chequers_ecumenical_altar_grove, uniq_robin
D:3:      layout_loops_corners, uniq_natasha
D:4:      layout_loops_ring, minmay_temple_entry_junction, serial_forest,
          infiniplex_forest_pool, infiniplex_forest_clump_small,
          infiniplex_forest_clump_C, infiniplex_forest_pool,
          infiniplex_forest_straight_2, infiniplex_forest_clump_tiny,
          infiniplex_forest_diagonal, infiniplex_forest_join,
          infiniplex_forest_lined_2, infiniplex_forest_lined_corner,
          hangedman_decor_clover_reticule, corner_web_ring
D:5:      layout_basic, minivault_5, uniq_crazy_yiuf_cottage
D:6:      nicolae_whirlpool, layout_loops_ring,
          minmay_overflow_temple_star_quad, nicolae_vehumet_altar_sigil,
          serial_shops, nicolae_shop_hallway_plus, uniq_pikel
Temple:   jpeg_temple_clearing

Skill      XL: |  1  2  3  4  5  6  7  8 |
---------------+-------------------------+-----
Conjurations   | 3 4 5 |  5.1
Spellcasting   | 3 4 5 6 7 |  7.0
Dodging        | 3 4 5 |  5.7
Stealth        | 4 5 6 |  6.6
Hexes          | 1 2 3 |  3.4

Action                   |  1- 3 |  4- 6 |  7- 9 || total
-------------------------+-------+-------+-------++-------
Melee: Dagger            |       |     4 |       ||     4
 Cast: Magic Dart        |    76 |   144 |    48 ||   268
       Searing Ray       |       |    14 |    17 ||    31
       Fulminant Prism   |       |       |     4 ||     4
Armor: Robe              |     1 |     1 |     1 ||     3
Dodge: Dodged            |     1 |    14 |    35 ||    50
